 Dungeon Crawl Stone Soup version 0.25.1-8-g42b30a86e7 (webtiles) character file.

Game seed: 13113343408744152268

982 growler the Changer (level 8, -13/54 HPs)
             Began as a Merfolk Transmuter on Dec 14, 2020.
             Was a Believer of Okawaru.
             Killed from afar by a gnoll (20 damage)
             ... with a bolt of acid
             ... on level 6 of the Dungeon.
             The game lasted 00:14:44 (6310 turns).

growler the Changer (Merfolk Transmuter)            Turns: 6310, Time: 00:14:45

Health: -13/54     AC:  2    Str: 13    XL:     8   Next: 17%
Magic:  10/14      EV: 21    Int: 12    God:    Okawaru [**....]
Gold:   251        SH:  0    Dex: 19    Spells: 0/15 levels left

rFire    . . .     SeeInvis .     - Unarmed
rCold    . . .     Gourm    .   (shield currently unavailable)
rNeg     . . .     Faith    .   (armour currently unavailable)
rPois    x         Spirit   .   (helmet currently unavailable)
rElec    .         Reflect  .   (cloak currently unavailable)
rCorr    .         Harm     .   (gloves currently unavailable)
MR       .....                  (boots currently unavailable)
Stlth    ++........             (no amulet)
HPRegen  0.18/turn              (no ring)
MPRegen  0.14/turn              (no ring)

@: spider-form
A: tiny, (change form in water), (swift swim), (stealthy swim)
a: End Transformation, Heroism, Renounce Religion


You were on level 6 of the Dungeon.
You worshipped Okawaru.
Okawaru was pleased with you.
You were hungry.
You were a venomous arachnid creature.
You visited 1 branch of the dungeon, and saw 6 of its levels.

You collected 251 gold pieces.

Inventory:

Missiles
 a - 20 arrows
 p - 7 silver javelins (quivered)
 u - a throwing net {!f}
Armour
 b - a +0 robe
 j - a +0 leather armour (melded)
   (You found it on level 2 of the Dungeon)
 v - a +0 pair of gloves (melded)
   (You found it on level 4 of the Dungeon)
 y - a +2 ring mail of fire resistance
   (You took it off an orc on level 4 of the Dungeon)
 C - a +0 helmet (melded)
   (You found it on level 5 of the Dungeon)
Jewellery
 o - an uncursed ring of protection from cold
   (You took it off an orc on level 4 of the Dungeon)
 w - an uncursed amulet of regeneration
   (You found it on level 2 of the Dungeon)
Wands
 c - a wand of disintegration (18)
   (You found it on level 6 of the Dungeon)
Scrolls
 d - a scroll of identify {@r1}
 f - a scroll of immolation {unknown}
 k - a scroll of random uselessness {unknown}
 l - a scroll of enchant weapon {unknown}
 n - a scroll of magic mapping {unknown}
 s - 2 scrolls of enchant armour {unknown}
 x - 2 scrolls of teleportation {unknown}
 A - 4 scrolls of remove curse {@r2}
 B - a scroll of fear {unknown}
Potions
 g - 2 potions of stabbing {unknown}
 h - a potion of lignification {!q}
 i - 2 potions of flight {unknown}
 m - a potion of ambrosia
 q - a potion of magic
 r - 4 potions of curing {unknown}
 t - 3 potions of heal wounds {unknown}
 z - 3 potions of brilliance
Comestibles
 e - 13 rations {!d}


   Skills:
 - Level 1.1 Fighting
 - Level 2.6 Dodging
 + Level 6.3 Unarmed Combat
 - Level 4.0 Spellcasting
 + Level 7.0 Transmutations
 - Level 2.0 Poison Magic
 + Level 4.1 Invocations


You couldn't memorise any spells.
You knew the following spells:

 Your Spells              Type           Power        Failure   Level  Hunger
a - Beastly Appendage     Tmut           ###...       6%          1    #......
b - Blade Hands           Tmut           ###.......   56%         5    ######.
c - Ice Form              Ice/Tmut       ##......     67%         4    #####..
s - Sticks to Snakes      Tmut           ###.....     8%          2    ##.....
x - Spider Form           Tmut/Pois      ##........   26%         3    ###....

Your spell library contained the following spells:

 Spells                   Type           Power        Failure   Level  Hunger


Dungeon Overview and Level Annotations

Branches:
Dungeon (6/15)
 Temple: D:4-7

Altars:
Nemelex Xobeh
Okawaru
Qazlal
Zin

Annotations:
D:3 3 runed translucent doors, Greyn's ghost, amateur TrFi


Message History

A gnoll comes into view. It is wielding a +0 whip.
The gnoll shouts!
You bite the ogre!
The ogre is poisoned.
You hear a shout!
A gnoll comes into view.
It is wielding a +0 spear and carrying a wand of acid (14).
The ogre barely misses you.
You hit the ogre.
The ogre looks as sick as possible!
Your transformation is almost over.
You kill the ogre!
Okawaru accepts your kill.
Your Transmutations skill increases to level 7!
Your Invocations skill increases to level 4!
The gnoll barely misses you. The gnoll misses you.
The gnoll completely misses you.
You hit the gnoll.
Your transformation has ended.
Your +0 helmet unmelds from your body.
Your +0 pair of gloves unmelds from your body.
Your +0 leather armour unmelds from your body.
You turn into a venomous arachnid creature.
Your +0 helmet melds into your body.
Your +0 pair of gloves melds into your body.
Your +0 leather armour melds into your body.
The gnoll hits you from afar with a +0 spear.
The gnoll hits you with a +0 spear.
You completely miss the gnoll.
The gnoll zaps a wand.
The bolt of acid hits the gnoll!
The gnoll is splashed with acid!
The acid corrodes the gnoll!
The gnoll dies!
The bolt of acid hits you!!
* * * LOW HITPOINT WARNING * * *
You are splashed with acid!
* * * LOW HITPOINT WARNING * * *
The gnoll hits you with a +0 spear.
* * * LOW HITPOINT WARNING * * *
Okay, then.
Okay, then.
Okay, then.
Aim: a gnoll, wielding a +0 spear (moderately wounded, chance to defeat MR: 73%)
Okay, then.
The gnoll zaps a wand.
The bolt of acid misses the gnoll.
The bolt of acid misses you. The gnoll misses you.
The gnoll zaps a wand.
The bolt of acid hits the gnoll!
The gnoll is splashed with acid.
The acid corrodes the gnoll!
The gnoll dies!
The bolt of acid hits you!!
You die...

#.#....##.#####.####
#.#..#.##...........
#.#.....#.......##
#...............#
######.....#.......##
............#.......######
#########.##............#
.# #.##........##### .###
.......s)).# # ...#
###.##.###g####.# ...#
#.............## ...#####
####.##......(..
..##...########.##..###.<..
....................# ###
...##..########(##..#
#.####..# #. #..# #'#..##.#
#...........


You could see a gnoll.

Vanquished Creatures
  Prince Ribbit (D:5)
  2 ogres
  2 bullfrogs (D:6)
  2 scorpions
  2 crimson imps (D:5)
  2 hounds
  2 worker ants
  4 gnolls
  3 adders
  An ooze (D:2)
  An adder zombie (D:6)
  An adder skeleton (D:6)
  3 worms
  2 dart slugs (D:1)
  4 leopard geckos
  15 orcs
  3 giant cockroaches
  5 goblins
  4 hobgoblins
  10 jackals
  2 quokkas (D:3)
  2 ball pythons (D:2)
  8 bats
  6 frilled lizards
  A giant cockroach zombie (D:5)
  8 kobolds
  A quokka skeleton (D:5)
  7 rats
104 creatures vanquished.

Vanquished Creatures (collateral kills)
  A scorpion (D:6)
1 creature vanquished.

Vanquished Creatures (others)
  2 gnolls (D:6)
  A bat (D:1)
3 creatures vanquished.

Grand Total: 108 creatures vanquished

Notes
Turn   | Place    | Note
-------+----------+-------------------------------------------
     0 | D:1      | growler the Merfolk Transmuter began the quest for the Orb.
     0 | D:1      | Reached XP level 1. HP: 15/15 MP: 3/3
   265 | D:1      | Reached skill level 3 in Transmutations
   273 | D:1      | Reached XP level 2. HP: 14/21 MP: 5/5
   291 | D:1      | Learned a level 2 spell: Sticks to Snakes
  1002 | D:1      | Reached XP level 3. HP: 24/26 MP: 2/6
  1007 | D:1      | Learned a level 3 spell: Spider Form
  1741 | D:2      | Reached XP level 4. HP: 30/32 MP: 4/8
  1923 | D:2      | Found a faded altar of an unknown god.
  1927 | D:2      | Reached skill level 1 in Poison Magic
  2162 | D:3      | Noticed Greyn's ghost (amateur TrFi)
  2348 | D:3      | Found an iron altar of Okawaru.
  2351 | D:3      | Reached skill level 4 in Transmutations
  2361 | D:3      | Became a worshipper of Warmaster Okawaru
  2820 | D:3      | Reached XP level 5. HP: 20/37 MP: 7/9
  3024 | D:3      | Found a runed translucent gate.
  3024 | D:3      | Found a runed translucent gate.
  3024 | D:3      | Found a runed translucent gate.
  3366 | D:3      | Found a glowing silver altar of Zin.
  3367 | D:3      | Found a stormy altar of Qazlal.
  4365 | D:4      | Reached XP level 6. HP: 30/43 MP: 11/11
  4877 | D:4      | Reached skill level 1 in Invocations
  5011 | D:5      | Entered Level 5 of the Dungeon
  5065 | D:5      | Noticed Prince Ribbit
  5090 | D:5      | Killed Prince Ribbit
  5090 | D:5      | Reached * piety under Okawaru
  5090 | D:5      | Reached skill level 5 in Unarmed Combat
  5090 | D:5      | Reached skill level 5 in Transmutations
  5090 | D:5      | Reached XP level 7. HP: 35/48 MP: 10/13
  5364 | D:5      | Reached skill level 6 in Transmutations
  5750 | D:5      | Learned a level 4 spell: Ice Form
  6002 | D:6      | Found a sparkling altar of Nemelex Xobeh.
  6041 | D:6      | Reached ** piety under Okawaru
  6041 | D:6      | Reached XP level 8. HP: 25/54 MP: 11/14
  6070 | D:6      | Learned a level 5 spell: Blade Hands
  6302 | D:6      | Reached skill level 7 in Transmutations
  6310 | D:6      | Killed from afar by a gnoll

Illustrated notes

Levels and vault maps discovered:
D:1:      scummos_arrival_forest, layout_basic
D:2:      layout_rooms, chequers_ecumenical_altar_island
D:3:      layout_basic, gammafunk_temple_overflow_statue, gammafunk_ghost_icy,
          okawaru_metal_pillars_1_2
D:4:      layout_loops_corners, first_ration, serial_glass, glass_columns_c,
          glass_columns_a
D:5:      layout_rooms, kennysheep_cross_bottleneck, uniq_prince_ribbit1
D:6:      layout_loops_ring, nicolae_overflow_hidden_temple, serial_shops, shop,
          nemelex_lonely_heart_becter

Skill      XL: |  1  2  3  4  5  6  7  8 |
---------------+-------------------------+-----
Transmutations | 3 4 5 6 7 |  7.0
Unarmed Combat | 4 5 6 |  6.3
Poison Magic   | 1 2 |  2.0
Spellcasting   | 3 4 |  4.0
Invocations    | 2 3 4 |  4.1
Fighting       | |  1.1
Dodging        | |  2.6

Action                   |  1- 3 |  4- 6 |  7- 9 || total
-------------------------+-------+-------+-------++-------
Melee: Unarmed           |   121 |   244 |    99 ||   464
       Headbutt          |     4 |    12 |     2 ||    18
       Punch             |     1 |       |       ||     1
 Cast: Beastly Appendage |     6 |     8 |     1 ||    15
       Sticks to Snakes  |     3 |     3 |     1 ||     7
       Spider Form       |       |     5 |     5 ||    10
  Use: Scroll            |       |     6 |       ||     6
 Stab: Sleeping          |     1 |       |       ||     1
  Eat: Chunk             |     3 |    11 |     1 ||    15
       Ration            |       |       |     1 ||     1
Armor: Robe              |    24 |    12 |       ||    36
       Leather armour    |       |    18 |    11 ||    29
Dodge: Dodged            |    69 |   152 |    69 ||   290
